[Event "Titled Tuesday Blitz May 11 2021"]
[White "Lintchevski, Daniil"]
[Black "Pile, Richard"]
[WhiteFideId "4171055"]
[BlackFideId "624110"]
[WhiteElo "2505"]
[BlackElo "2376"]
[Result "1-0"]
[Round "05"]
[TimeControl "180+1"]
[Date "2021.05.11"]
[WhiteClock "0:01:53"]
[BlackClock "0:00:57"]

1. e4 c5 2. Nf3 Nc6 3. d4 cxd4 4. Nxd4 e5 5. Nb5 d6 6. N1c3 a6 7. Na3 Be7 8. Nc4 b5 9. Ne3 Nf6 10. Bd3 O-O 11. O-O Be6 12. Ncd5 Na5 13. Bd2 Nc4 14. Bxc4 bxc4 15. Nxf6+ Bxf6 16. Bb4 Be7 17. Nd5 Bxd5 18. Qxd5 Qc7 19. Rfd1 Rab8 20. c3 Rb5 21. Qd2 Rd8 22. a4 Rbb8 23. Qd5 Rdc8 24. g3 Qb7 25. Qxb7 Rxb7 26. Rd5 Rc6 27. Rad1 Kf8 28. Kg2 Ke8 29. f4 f6 30. Kf3 Kd7 31. fxe5 fxe5 32. Rxe5 a5 33. Rxa5 1-0


[Site "https://www.chess.com"]

[Event "Titled Tuesday Blitz May 11 2021"]
[White "Martinez Alcantara, Jose Eduardo"]
[Black "Gunina, Valentina"]
[WhiteFideId "3805662"]
[BlackFideId "4167570"]
[WhiteElo "2690"]
[BlackElo "2399"]
[Result "1-0"]
[Round "05"]
[TimeControl "180+1"]
[Date "2021.05.11"]
[WhiteClock "0:00:25"]
[BlackClock "0:00:16"]

1. e4 c6 2. Nf3 d5 3. d3 Bg4 4. h3 Bh5 5. Qe2 e6 6. g4 Bg6 7. h4 h6 8. h5 Bh7 9. g5 dxe4 10. dxe4 hxg5 11. Nxg5 Nf6 12. Nc3 Bb4 13. Bd2 Qa5 14. f4 Nbd7 15. a3 Bg6 16. hxg6 Rxh1 17. gxf7+ Ke7 18. e5 Nh5 19. O-O-O Ng3 20. Qg4 Rxf1 21. Qxe6+ Kd8 22. Qe8+ Kc7 23. Ne6+ Kb6 24. Qxd7 Ne2+ 25. Nxe2 Bxd2+ 26. Qxd2 1-0


[Site "https://www.chess.com"]

[Event "Titled Tuesday Blitz May 11 2021"]
[White "Matlakov, Maxim"]
[Black "Gusarov, Grigory"]
[WhiteFideId "4168003"]
[BlackFideId "24102172"]
[WhiteElo "2760"]
[BlackElo "2241"]
[Result "1-0"]
[Round "05"]
[TimeControl "180+1"]
[Date "2021.05.11"]
[WhiteClock "0:01:09"]
[BlackClock "0:00:14"]

1. Nf3 d5 2. b3 c6 3. Bb2 Nf6 4. e3 Bg4 5. h3 Bxf3 6. Qxf3 Nbd7 7. g4 h6 8. h4 e5 9. Nc3 Bd6 10. O-O-O e4 11. Qg2 Qe7 12. g5 Ng8 13. d3 exd3 14. Bxd3 Ba3 15. gxh6 Bxb2+ 16. Kxb2 gxh6 17. Bf5 Ngf6 18. e4 dxe4 19. Nxe4 Qe5+ 20. Kb1 O-O-O 21. f4 Qxf4 22. Rhf1 Nxe4 23. Rxf4 Nc3+ 24. Kc1 Nxd1 25. Kxd1 Kb8 26. Rd4 Nb6 27. Qg3+ Ka8 28. Rxd8+ Rxd8+ 29. Kc1 Nd5 30. Qe5 f6 31. Qd4 Rf8 32. Be6 Nb6 33. Qd6 Re8 34. Bf7 Rb8 35. Qxf6 1-0


[Site "https://www.chess.com"]

[Event "Titled Tuesday Blitz May 11 2021"]
[White "Maze, Sebastien"]
[Black "Kollars, Dmitrij"]
[WhiteFideId "613762"]
[BlackFideId "12909572"]
[WhiteElo "2462"]
[BlackElo "2576"]
[Result "0-1"]
[Round "05"]
[TimeControl "180+1"]
[Date "2021.05.11"]
[WhiteClock "0:00:06"]
[BlackClock "0:00:22"]

1. e4 c6 2. d4 d5 3. e5 Bf5 4. Nf3 e6 5. Be2 c5 6. c4 Ne7 7. Nc3 Nbc6 8. dxc5 Qa5 9. a3 dxc4 10. Bxc4 Qxc5 11. Qa4 Nd5 12. Bxd5 exd5 13. Be3 Qc4 14. Nd4 Qxa4 15. Nxa4 Nxd4 16. Bxd4 Be7 17. Nc3 Be6 18. Ne2 O-O 19. Bc3 Rfc8 20. Nd4 Rc4 21. Ke2 Rac8 22. Rhd1 h5 23. h3 Bc5 24. Ke3 Bb6 25. Rd2 Bd7 26. Ke2 Re8 27. Nf3 Bb5 28. Ke1 Re4+ 29. Kd1 Ba4+ 30. Kc1 Bb3 31. a4 Bc5 32. a5 Rc8 33. Rd3 d4 34. Bd2 Be7+ 35. Kb1 Bc2+ 36. Ka2 Bxd3 0-1


[Site "https://www.chess.com"]

[Event "Titled Tuesday Blitz May 11 2021"]
[White "Morefield, Jason"]
[Black "Sanal, Vahap"]
[WhiteFideId "30920825"]
[BlackFideId "6300545"]
[WhiteElo "2171"]
[BlackElo "2507"]
[Result "0-1"]
[Round "05"]
[TimeControl "180+1"]
[Date "2021.05.11"]
[WhiteClock "0:00:05"]
[BlackClock "0:00:07"]

1. d4 d5 2. c4 e6 3. Nf3 a6 4. Nc3 dxc4 5. a4 Bb4 6. e3 Nf6 7. Bxc4 O-O 8. O-O b6 9. Bd2 Bb7 10. Rc1 Nbd7 11. Qe2 c5 12. Rfd1 Qe7 13. Be1 Rfd8 14. d5 Bxc3 15. d6 Qe8 16. Bxc3 Ne4 17. Bd3 Nxc3 18. Rxc3 g6 19. e4 e5 20. Bc4 h6 21. Nh4 Kg7 22. Rg3 Nf6 23. f3 Bc8 24. Nf5+ Kh7 25. Ne7 Nh5 26. Bd5 Nxg3 27. hxg3 Rxd6 28. Bxa8 Qxe7 29. Rd5 Rxd5 30. Bxd5 Kg7 31. Qd2 b5 32. axb5 axb5 33. Qc3 b4 34. Qc4 f6 35. Kf2 Bd7 36. b3 Be8 37. Qa6 Bf7 38. Qa8 g5 39. g4 Qc7 40. Qa6 c4 41. bxc4 Qb8 42. Qa2 b3 43. Qb2 Qb4 44. Ke2 Be8 45. Kd3 Ba4 46. Qc3 Qc5 47. Qb2 Kf8 48. Kc3 Qd4+ 49. Kb4 Qxb2 0-1


[Site "https://www.chess.com"]

[Event "Titled Tuesday Blitz May 11 2021"]
[White "Narayanan.S.L"]
[Black "Chasin, Nico"]
[WhiteFideId "5058422"]
[BlackFideId "30908477"]
[WhiteElo "2617"]
[BlackElo "2135"]
[Result "1-0"]
[Round "05"]
[TimeControl "180+1"]
[Date "2021.05.11"]
[WhiteClock "0:01:55"]
[BlackClock "0:00:06"]

1. b3 e5 2. Bb2 Nc6 3. c4 g6 4. g3 Bg7 5. Bg2 Nge7 6. Nc3 d6 7. e3 O-O 8. Nge2 Nb4 9. d3 Bf5 10. e4 Be6 11. O-O c6 12. d4 Qd7 13. f4 exd4 14. Nxd4 Bg4 15. Qd2 Rfe8 16. f5 gxf5 17. h3 Bh5 18. exf5 c5 19. Nc2 Nxc2 20. Qxc2 Bd4+ 21. Kh2 f6 22. Ne4 Rf8 23. Bxd4 cxd4 24. Qb2 Nc6 25. g4 Be8 26. Rae1 Qc7 27. Kh1 Bd7 28. g5 fxg5 29. Nxg5 Bxf5 30. Bd5+ Kg7 31. Rxf5 1-0


[Site "https://www.chess.com"]

[Event "Titled Tuesday Blitz May 11 2021"]
[White "Oliveira, Silvio Eduardo"]
[Black "Lomasov, Semyon"]
[WhiteFideId "2111560"]
[BlackFideId "24164879"]
[WhiteElo "2302"]
[BlackElo "2445"]
[Result "1-0"]
[Round "05"]
[TimeControl "180+1"]
[Date "2021.05.11"]
[WhiteClock "0:00:10"]
[BlackClock "0:00:05"]

1. e4 e6 2. d4 d5 3. Nc3 h6 4. Nf3 Nf6 5. Bd3 Bb4 6. e5 Ne4 7. Bd2 Nxd2 8. Qxd2 c5 9. a3 Bxc3 10. bxc3 Qa5 11. O-O Nc6 12. dxc5 Qxc5 13. Rfe1 Bd7 14. Rab1 b6 15. Qf4 O-O 16. Re3 Rac8 17. Nd4 f5 18. Rg3 Kh7 19. Qg4 g5 20. Qe2 Nxd4 21. cxd4 Qxd4 22. h4 Qxh4 23. Rb4 d4 24. Rh3 Qf4 25. Qh5 g4 26. Rh4 Be8 27. Qxg4 Qxg4 28. Rxg4 Rc5 29. f4 Bb5 30. Rxd4 Bc6 31. Rd6 Bd5 32. Rd7+ Kh8 33. Rgg7 Rfc8 34. Rh7+ Kg8 35. Rdg7+ Kf8 36. Rxa7 Kg8 37. g4 Ra5 38. Rag7+ Kf8 39. g5 hxg5 40. fxg5 Rxa3 41. g6 Ra1+ 42. Kf2 Rh1 43. Rxh1 Kxg7 44. Rb1 Rc6 45. Rg1 Rc5 46. Ke3 Bc6 47. Kf4 Bb5 48. Rb1 Bxd3 49. cxd3 b5 50. d4 Rd5 51. Rb4 Kxg6 52. Ke3 Kg5 53. Kd3 Kf4 54. Rb1 Kg4 55. Rf1 Kg3 56. Rg1+ Kf3 57. Rg6 b4 58. Rxe6 b3 59. Rb6 f4 60. Rxb3 Rd8 61. e6 Rd6 62. e7 Re6 63. Rb7 Kg2 64. d5 Re1 65. d6 f3 66. Rb2+ f2 67. Rxf2+ Kxf2 68. Kd2 Rxe7 69. dxe7 1-0


[Site "https://www.chess.com"]

[Event "Titled Tuesday Blitz May 11 2021"]
[White "Quparadze, Giga"]
[Black "Bellahcene, Bilel"]
[WhiteFideId "13602250"]
[BlackFideId "696358"]
[WhiteElo "2658"]
[BlackElo "2493"]
[Result "1-0"]
[Round "05"]
[TimeControl "180+1"]
[Date "2021.05.11"]
[WhiteClock "0:02:10"]
[BlackClock "0:00:47"]

1. e4 c5 2. Ne2 d6 3. g3 Nf6 4. Bg2 e5 5. c3 Be7 6. d4 O-O 7. O-O Nc6 8. h3 b6 9. Be3 a5 10. d5 Nb8 11. g4 Re8 12. Ng3 Bf8 13. g5 Nfd7 14. h4 c4 15. Nd2 b5 16. a4 Ba6 17. axb5 Bxb5 18. h5 Na6 19. g6 fxg6 20. hxg6 hxg6 21. Qg4 Qf6 22. Nf3 Be7 23. Ng5 Nf8 24. f4 Bd8 25. Qh4 exf4 26. Rxf4 1-0


[Site "https://www.chess.com"]

[Event "Titled Tuesday Blitz May 11 2021"]
[White "Sadhwani, Raunak"]
[Black "Annaberdiyev, Babageldi"]
[WhiteFideId "35093487"]
[BlackFideId "14000385"]
[WhiteElo "2514"]
[BlackElo "2332"]
[Result "0-1"]
[Round "05"]
[TimeControl "180+1"]
[Date "2021.05.11"]
[WhiteClock "0:00:06"]
[BlackClock "0:00:08"]

1. b3 d5 2. Bb2 c6 3. Nf3 Nf6 4. e3 g6 5. c4 Bg7 6. Be2 O-O 7. O-O Nbd7 8. d4 Ne4 9. Nbd2 Nxd2 10. Qxd2 Nf6 11. h3 Ne4 12. Qc2 Bf5 13. Bd3 e6 14. a4 h5 15. a5 a6 16. Rfc1 Re8 17. b4 g5 18. b5 g4 19. hxg4 hxg4 20. Ne5 Qh4 21. bxc6 bxc6 22. cxd5 cxd5 23. Bxe4 Bxe4 24. Qe2 Rab8 25. Ba3 g3 26. fxg3 Qxg3 27. Nf3 Bh6 28. Qf2 Qxf2+ 29. Kxf2 Rb3 30. Re1 Rc8 31. Bc5 Bf8 32. Rec1 Bh6 33. Re1 Bf8 34. Rac1 Rb5 35. Bb6 Rxc1 36. Rxc1 Bb4 37. Rc8+ Kg7 38. Ne5 Bxa5 39. Bxa5 Rxa5 40. Rc7 Ra2+ 41. Kf1 Bg6 42. Ra7 a5 43. Nd7 a4 44. Nc5 a3 45. Nxe6+ Kf6 46. Nc7 Ra1+ 47. Kf2 Be4 48. Ne8+ Kg6 49. Nd6 a2 50. Nxe4 dxe4 51. Kg3 f5 52. Ra6+ Kg5 53. Kf2 f4 54. Ra5+ Kg4 55. exf4 Kxf4 56. g3+ Kg4 57. d5 e3+ 58. Kxe3 Re1+ 59. Kd4 a1=Q+ 60. Rxa1 Rxa1 61. Ke5 Kg5 62. d6 Re1+ 63. Kd5 Kf6 64. g4 Rd1+ 65. Kc6 Ke6 0-1


[Site "https://www.chess.com"]

[Event "Titled Tuesday Blitz May 11 2021"]
[White "Salinas Herrera, Pablo"]
[Black "Praggnanandhaa R"]
[WhiteFideId "3407128"]
[BlackFideId "25059530"]
[WhiteElo "2541"]
[BlackElo "2555"]
[Result "0-1"]
[Round "05"]
[TimeControl "180+1"]
[Date "2021.05.11"]
[WhiteClock "0:00:01"]
[BlackClock "0:00:03"]

1. d4 Nf6 2. Bf4 g6 3. Nc3 d5 4. e3 Bg7 5. Be2 O-O 6. h4 h5 7. Nf3 Bf5 8. Qd2 c5 9. dxc5 Nbd7 10. Nd4 Nxc5 11. Nxf5 gxf5 12. f3 Qb6 13. Rb1 Rfd8 14. Nb5 Rac8 15. Nd4 e6 16. O-O Ncd7 17. Bg5 Ne5 18. c3 a6 19. Kh1 Re8 20. Qe1 Ng6 21. Qg3 Qc7 22. Qh3 f4 23. Bd3 e5 24. Nf5 fxe3 25. Nxg7 Kxg7 26. Bxe3 Rcd8 27. Bg5 Rd6 28. Rbe1 b5 29. Qf5 Nh7 30. Bc1 Qd8 31. g3 Nf6 32. Qg5 e4 33. fxe4 dxe4 34. Bc2 Qd7 35. Qf5 Re5 36. Qxd7 Rxd7 37. Bg5 Re6 38. Bxf6+ Rxf6 39. Rxf6 Kxf6 40. Bxe4 Rd2 41. Rf1+ Kg7 42. Rb1 Ne5 43. a3 Nc4 44. b3 Nxa3 45. Ra1 Nc2 46. Rxa6 Ne3 47. Ra7 Rb2 48. Rb7 Rxb3 49. Bf3 Rb1+ 50. Kh2 Rb2+ 51. Kh1 Kg6 52. Be4+ Kg7 53. Bf3 Nf5 54. Bd5 Nxg3+ 55. Kg1 Ne2+ 56. Kh1 Rb1+ 57. Kh2 Rf1 58. Rxb5 Rf2+ 0-1


[Site "https://www.chess.com"]

[Event "Titled Tuesday Blitz May 11 2021"]
[White "Saraci, Nderim"]
[Black "Dubov, Daniil"]
[WhiteFideId "6351921"]
[BlackFideId "24126055"]
[WhiteElo "2486"]
[BlackElo "2722"]
[Result "0-1"]
[Round "05"]
[TimeControl "180+1"]
[Date "2021.05.11"]
[WhiteClock "0:00:03"]
[BlackClock "0:00:12"]

1. d4 Nf6 2. Nf3 g6 3. Bg5 Bg7 4. e3 O-O 5. c4 Ne4 6. Bh4 c5 7. Nc3 Qa5 8. Qc2 cxd4 9. exd4 d5 10. Bd3 Nc6 11. O-O Nb4 12. Qe2 Nxc3 13. bxc3 Nxd3 14. Qxd3 Bf5 15. Qd2 Rfe8 16. c5 b6 17. Rfe1 Be4 18. cxb6 axb6 19. Ng5 Bf5 20. Nf3 f6 21. Qb2 Rac8 22. Bg3 Rxc3 23. Bd6 Rc2 24. Qb4 Qxb4 25. Bxb4 Kf7 26. a3 Be4 27. Rac1 Rec8 28. Rxc2 Rxc2 29. Nd2 f5 30. Nf3 Bf6 31. Ne5+ Bxe5 32. dxe5 Ke6 33. f3 Bd3 34. Rd1 Bc4 35. h4 b5 36. Kh2 h6 37. Kg3 g5 38. hxg5 hxg5 39. Kh2 f4 40. Kg1 Re2 41. Bc3 Kf5 42. Kh2 g4 43. fxg4+ Kxg4 44. Kg1 e6 45. Re1 Rc2 46. Bd4 Bd3 47. Bf2 Be4 48. Rb1 Rxf2 0-1


[Site "https://www.chess.com"]

[Event "Titled Tuesday Blitz May 11 2021"]
[White "Sasikiran, Krishnan"]
[Black "Eden, James"]
[WhiteFideId "5004985"]
[BlackFideId "666491"]
[WhiteElo "2552"]
[BlackElo "2176"]
[Result "1-0"]
[Round "05"]
[TimeControl "180+1"]
[Date "2021.05.11"]
[WhiteClock "0:00:43"]
[BlackClock "0:00:02"]

1. e4 e5 2. Nf3 Nc6 3. Bb5 Nf6 4. O-O Nxe4 5. d4 Nd6 6. Bxc6 dxc6 7. dxe5 Nf5 8. Qxd8+ Kxd8 9. h3 h5 10. Nc3 Ke8 11. Ne2 c5 12. Bg5 Be7 13. Rad1 Bd7 14. Rfe1 Bc6 15. Bxe7 Kxe7 16. Ng3 Nxg3 17. fxg3 Rad8 18. Ng5 Rxd1 19. Rxd1 f6 20. exf6+ gxf6 21. Nf3 Kf7 22. Kf2 Re8 23. Rd3 Re4 24. Nd2 Ra4 25. a3 b5 26. Rd8 Rd4 27. Rxd4 cxd4 28. Nb3 Be4 29. Nxd4 a6 30. b4 Ke7 31. c3 Kd6 32. Nb3 Bc6 33. Nc5 a5 34. g4 hxg4 35. h4 axb4 36. cxb4 Ke5 37. g3 f5 38. Ke3 f4+ 39. gxf4+ Kf5 40. h5 g3 41. h6 Kg6 42. Ne6 g2 43. Kf2 Kxh6 44. Nd4 Bd7 45. Kxg2 Kg6 46. Kf3 Kf6 47. Ke4 c6 48. Nb3 Be6 49. Nc5 Bd5+ 50. Ke3 Kf5 51. Nd3 Bc4 52. Ne5 Bd5 53. Nf3 Be4 54. Nd4+ 1-0


[Site "https://www.chess.com"]

[Event "Titled Tuesday Blitz May 11 2021"]
[White "Sevian, Samuel"]
[Black "Belous, Vladimir"]
[WhiteFideId "2040506"]
[BlackFideId "4174003"]
[WhiteElo "2987"]
[BlackElo "2583"]
[Result "1-0"]
[Round "05"]
[TimeControl "180+1"]
[Date "2021.05.11"]
[WhiteClock "0:01:40"]
[BlackClock "0:00:43"]

1. e4 c5 2. Nf3 Nc6 3. Nc3 g6 4. d4 cxd4 5. Nxd4 Bg7 6. Be3 Nf6 7. Nxc6 bxc6 8. e5 Ng8 9. Bd4 Qc7 10. Qe2 Nh6 11. f4 Nf5 12. Bf2 h5 13. O-O-O d6 14. exd6 Nxd6 15. Bd4 Bg4 16. Qe1 Bxd1 17. Bxg7 Rg8 18. Be5 Bg4 19. Ne4 O-O-O 20. Nc5 Qb6 21. h3 Bf5 22. Na4 Qb7 23. Qa5 Nb5 24. Bxb5 cxb5 25. Qc3+ Kd7 26. Nc5+ 1-0


[Site "https://www.chess.com"]

[Event "Titled Tuesday Blitz May 11 2021"]
[White "Shimanov, Aleksandr"]
[Black "Ivanisevic, Ivan"]
[WhiteFideId "4198603"]
[BlackFideId "912417"]
[WhiteElo "2596"]
[BlackElo "2499"]
[Result "1-0"]
[Round "05"]
[TimeControl "180+1"]
[Date "2021.05.11"]
[WhiteClock "0:00:12"]
[BlackClock "0:00:16"]

1. Nf3 d5 2. g3 Nd7 3. Bg2 e5 4. d3 c6 5. e4 Ngf6 6. Nbd2 dxe4 7. dxe4 Bc5 8. O-O a5 9. a4 O-O 10. Qe2 Qc7 11. Nb3 Bb6 12. Bg5 h6 13. Bd2 Re8 14. Nh4 Nc5 15. Nxc5 Bxc5 16. Kh1 g5 17. Nf3 Bg4 18. h3 Bh5 19. Bc3 Rad8 20. Qe1 Bb6 21. Nd2 Bd4 22. Nb3 Bxc3 23. Qxc3 b6 24. f4 c5 25. fxg5 Nh7 26. gxh6 Qe7 27. Nd2 Rd4 28. Nc4 Qe6 29. Ne3 Bg6 30. Nf5 Bxf5 31. Rxf5 Qxh6 32. Raf1 Re7 33. h4 Qd2 34. Qf3 Rdd7 35. Bh3 Qxc2 36. Rh5 Rd6 37. Bf5 Nf8 38. Rg5+ Rg6 39. Bxg6 Nxg6 40. h5 1-0


[Site "https://www.chess.com"]

[Event "Titled Tuesday Blitz May 11 2021"]
[White "Shipov, Sergei"]
[Black "Yoo, Christopher Woojin"]
[WhiteFideId "4113624"]
[BlackFideId "30909694"]
[WhiteElo "2761"]
[BlackElo "2009"]
[Result "0-1"]
[Round "05"]
[TimeControl "180+1"]
[Date "2021.05.11"]
[WhiteClock "0:00:01"]
[BlackClock "0:00:03"]

1. d4 Nf6 2. c4 e6 3. Nc3 Bb4 4. e3 c5 5. Ne2 d6 6. a3 Ba5 7. Bd2 O-O 8. Ng3 cxd4 9. exd4 Nc6 10. b4 Bb6 11. c5 dxc5 12. dxc5 Bc7 13. Be2 Nd4 14. O-O Nb3 15. Qxb3 Qxd2 16. Rad1 Qf4 17. Nb5 Be5 18. Bf3 Bd7 19. Nd6 Bc6 20. Nxb7 Ne4 21. Na5 Nd2 22. Rxd2 Bxf3 23. Qe3 Bd5 24. Qxf4 Bxf4 25. Rd3 Bc7 26. Rxd5 exd5 27. Nc6 Rfe8 28. Rd1 Re6 29. Nd4 Ree8 30. Nb5 Bf4 31. Kf1 a5 32. Ne2 Be5 33. f4 Bb8 34. Rxd5 axb4 35. axb4 Ra1+ 36. Kf2 Ra2 37. Nc3 Rb2 38. Rd4 g5 39. fxg5 Be5 40. Re4 Kf8 41. Kf3 Rb3 42. Rc4 Rb8 43. Ke4 Bxc3 44. Nxc3 R8xb4 45. Kd5 Rxc4 46. Kxc4 Rb2 47. g3 Ke7 48. Nd5+ Kd7 49. Nf6+ Kc6 50. h4 Rg2 51. g4 Rc2+ 52. Kd4 Rd2+ 53. Ke5 Re2+ 54. Kf4 Kxc5 0-1


[Site "https://www.chess.com"]

[Event "Titled Tuesday Blitz May 11 2021"]
[White "Svane, Rasmus"]
[Black "Stearman, Josiah"]
[WhiteFideId "4657101"]
[BlackFideId "2062496"]
[WhiteElo "2669"]
[BlackElo "2384"]
[Result "1-0"]
[Round "05"]
[TimeControl "180+1"]
[Date "2021.05.11"]
[WhiteClock "0:00:04"]
[BlackClock "0:00:06"]

1. Nf3 d5 2. g3 Nf6 3. Bg2 c6 4. O-O Bf5 5. c4 e6 6. Qb3 Qc8 7. Nc3 Nbd7 8. cxd5 exd5 9. d3 Bd6 10. e4 dxe4 11. dxe4 Be6 12. Qc2 O-O 13. Nd4 Ne5 14. f4 Ned7 15. Nxe6 fxe6 16. e5 Bc5+ 17. Kh1 Nd5 18. Ne4 Be7 19. Bh3 N7b6 20. f5 exf5 21. Bxf5 Qc7 22. Bxh7+ Kh8 23. Bf5 Qxe5 24. Bh3 Rxf1+ 25. Bxf1 Rf8 26. Bg2 Nb4 27. Qe2 N6d5 28. Bd2 Nc2 29. Rf1 Rxf1+ 30. Qxf1 Bf6 31. Qf3 Nd4 32. Qg4 Nf5 33. Qh5+ Kg8 34. Qf3 Nd4 35. Qd3 Ne6 36. Nxf6+ Nxf6 37. Bc3 Qc5 38. Bxf6 Qc1+ 39. Bf1 gxf6 40. h4 Ng7 41. Kg2 Qe1 42. Kh3 Qe5 43. Bg2 Qe6+ 44. Kh2 Qf5 45. Qd8+ Kh7 46. Qc7 Qb5 47. Qf7 Qxb2 48. Kh3 Qe5 49. Qxb7 Qf5+ 50. Kh2 Kh6 51. Qxc6 Nh5 52. Qc3 Qg6 53. Qe3+ Kh7 54. Be4 f5 55. Qxa7+ Kg8 56. Qb8+ Kh7 57. Qc7+ Kh6 58. Qc1+ Kh7 59. Qc7+ Kh6 60. Bf3 Nf6 61. Qf4+ Kg7 62. a4 Kh7 63. a5 Nd7 64. Qc7 Qe6 65. a6 f4 66. Qxf4 Qxa6 67. Qf7+ Kh6 68. Qxd7 Qa2+ 69. Kh3 1-0


[Site "https://www.chess.com"]

[Event "Titled Tuesday Blitz May 11 2021"]
[White "Tari, Aryan"]
[Black "Kobalia, Mikhail"]
[WhiteFideId "1510045"]
[BlackFideId "4119150"]
[WhiteElo "2656"]
[BlackElo "2569"]
[Result "1/2-1/2"]
[Round "05"]
[TimeControl "180+1"]
[Date "2021.05.11"]
[WhiteClock "0:00:09"]
[BlackClock "0:00:10"]

1. e4 e5 2. Nf3 Nc6 3. Bb5 Nf6 4. d4 exd4 5. e5 Ne4 6. O-O d5 7. Nxd4 Bd7 8. Bxc6 bxc6 9. f3 Nc5 10. Be3 Ne6 11. f4 Nxd4 12. Qxd4 Bf5 13. Qc3 Qd7 14. Nd2 Be7 15. Nb3 O-O 16. Bc5 Bxc5+ 17. Qxc5 Rab8 18. Rf2 Rb5 19. Qxa7 Rfb8 20. Qe3 c5 21. a4 d4 22. Qd2 Rb4 23. Nxc5 Qc6 24. Nd3 Bxd3 25. Qxd3 Rxb2 26. a5 Qd5 27. c4 Qd7 28. Rxb2 Rxb2 29. a6 Rb8 30. a7 Ra8 31. Qb3 Qd8 32. Qb7 d3 33. Kf1 g5 34. Rb1 Kg7 35. f5 d2 36. Ke2 Qd4 37. f6+ Kh6 38. Qxa8 Qxe5+ 39. Kxd2 Qd4+ 40. Ke2 Qxc4+ 41. Kf2 Qd4+ 42. Kf3 Qd3+ 43. Kf2 Qd4+ 44. Ke2 Qc4+ 45. Kd2 Qd4+ 46. Kc2 Qc4+ 47. Kb2 Qb4+ 48. Ka2 Qa4+ 49. Kb2 Qb4+ 50. Kc1 Qc3+ 51. Kd1 Qd3+ 52. Kc1 Qc3+ 53. Kd1 Qd3+ 54. Ke1 Qxb1+ 55. Ke2 Qc2+ 56. Ke3 Qc3+ 57. Ke4 Qc4+ 58. Ke3 Qc3+ 59. Kf2 Qd2+ 60. Kf1 Qd1+ 61. Kf2 Qd2+ 62. Kf1 Qd1+ 63. Kf2 Qd2+ 1/2-1/2


[Site "https://www.chess.com"]

[Event "Titled Tuesday Blitz May 11 2021"]
[White "Yuan, Qingyu"]
[Black "Jacobson, Brandon"]
[WhiteFideId "8609772"]
[BlackFideId "30901561"]
[WhiteElo "2359"]
[BlackElo "2362"]
[Result "1/2-1/2"]
[Round "05"]
[TimeControl "180+1"]
[Date "2021.05.11"]
[WhiteClock "0:00:04"]
[BlackClock "0:00:02"]

1. e4 c5 2. Nf3 Nc6 3. Bb5 e6 4. O-O Nge7 5. d4 cxd4 6. Nxd4 Ng6 7. Nxc6 bxc6 8. Be2 d5 9. exd5 cxd5 10. c4 dxc4 11. Qxd8+ Kxd8 12. Bxc4 Bd6 13. Rd1 Ke7 14. Nc3 Bb7 15. Be3 a6 16. Rd2 Rac8 17. Bf1 Rhd8 18. Rad1 Be5 19. Na4 Rxd2 20. Rxd2 Bd6 21. b4 Bd5 22. Nc5 a5 23. a3 axb4 24. axb4 Ne5 25. Rc2 Nc6 26. Na6 Ra8 27. b5 Ne5 28. b6 Bb7 29. Nc5 Bd5 30. Rc1 Ra2 31. Rb1 Ra8 32. b7 Rb8 33. Ba6 Bxc5 34. Bxc5+ Kd7 35. Ba7 Kc7 36. Rc1+ Nc6 37. Bxb8+ Kxb8 38. f3 Ka7 39. Ra1 Nb8 40. Bd3+ Kxb7 41. Bxh7 Kc7 42. Bd3 Kd6 43. Kf2 Nd7 44. Ra7 e5 45. Ke3 Be6 46. Bb5 Nf6 47. Bd3 Nd5+ 48. Kf2 Nf4 49. Bf1 Nd5 50. Bc4 Nf4 51. Bxe6 Kxe6 52. g3 Nd5 53. Ra6+ Kf5 54. Ke2 f6 55. Ra7 Kg6 56. h4 Nb4 57. Kf2 Nc6 58. Ra6 Nd4 59. Ke3 Nf5+ 60. Kf2 Nd4 61. g4 Kf7 62. Kg3 Ne2+ 63. Kf2 Nf4 64. Ra7+ Kg6 65. Kg3 Ne2+ 66. Kg2 Nf4+ 67. Kf2 Nd3+ 68. Ke3 Nf4 69. Ke4 Ne6 70. Ra8 Nf4 71. Rb8 Ne6 72. Ra8 Nf4 73. h5+ Kh7 74. Ra7 Kh6 75. Kf5 Ne2 76. Ke6 Nd4+ 77. Kf7 Nxf3 78. Ra8 e4 79. Rh8+ Kg5 80. Kxg7 e3 81. Re8 Ne5 82. h6 e2 83. h7 e1=Q 84. h8=Q Kxg4 85. Qh6 Qg3 86. Qxf6 Kh5+ 87. Kh7 Qd3+ 88. Kh8 Ng6+ 89. Kg7 Qd7+ 90. Qf7 Qd4+ 91. Qf6 Qd7+ 92. Qf7 Qd4+ 93. Kh7 Qd3 94. Kg7 Qd4+ 1/2-1/2


[Site "https://www.chess.com"]

[Event "Titled Tuesday Blitz May 11 2021"]
[White "Zhigalko, Sergei"]
[Black "Arabidze, Meri"]
[WhiteFideId "13502956"]
[BlackFideId "13604040"]
[WhiteElo "2662"]
[BlackElo "2432"]
[Result "1-0"]
[Round "05"]
[TimeControl "180+1"]
[Date "2021.05.11"]
[WhiteClock "0:00:05"]
[BlackClock "0:00:14"]

1. e4 c5 2. Nf3 e6 3. c3 d5 4. e5 Nc6 5. d4 Nge7 6. Na3 Nf5 7. Nc2 h5 8. Bd3 g6 9. O-O Be7 10. dxc5 Bxc5 11. Bg5 Be7 12. Bxe7 Ncxe7 13. Qd2 Bd7 14. Rfe1 Qc7 15. Bxf5 Nxf5 16. Ncd4 O-O-O 17. h4 Kb8 18. Qg5 Nh6 19. Rad1 Ng4 20. Rd2 Rc8 21. Qf4 f6 22. Qg3 g5 23. hxg5 fxg5 24. Nxg5 Rcg8 25. Ngxe6 Bxe6 26. Nxe6 Qe7 27. Nd4 h4 28. Qh3 Qg5 29. Nf3 Qf4 30. Rd4 Qf5 31. e6 Qg6 32. e7 Nf6 33. Rxh4 Rxh4 34. Nxh4 Qg5 35. Qg3+ Qxg3 36. fxg3 Kc7 37. Rf1 Nd7 38. Nf5 Re8 39. Re1 Nf6 40. Ng7 Rg8 41. e8=Q Nxe8 42. Nxe8+ Kc6 43. Nf6 Rxg3 44. Kf2 Rd3 45. Re2 Rd1 46. Ng4 b5 47. Ne5+ Kc5 48. Nf3 b4 49. cxb4+ Kxb4 50. Rd2 Ra1 51. a3+ Kb3 52. g4 Rb1 53. g5 d4 54. Nxd4+ Ka2 55. g6 a5 56. g7 1-0


[Site "https://www.chess.com"]

[Event "Titled Tuesday Blitz May 11 2021"]
[White "Aditya Mittal"]
[Black "Holt, Conrad"]
[WhiteFideId "35042025"]
[BlackFideId "2034387"]
[WhiteElo "2171"]
[BlackElo "2586"]
[Result "0-1"]
[Round "06"]
[TimeControl "180+1"]
[Date "2021.05.11"]
[WhiteClock "0:00:07"]
[BlackClock "0:00:35"]

1. d4 d5 2. c4 c6 3. Nc3 dxc4 4. Nf3 Nf6 5. a4 Bf5 6. e3 e6 7. Bxc4 Bb4 8. O-O O-O 9. Qe2 Nbd7 10. e4 Bg4 11. h3 Bxf3 12. Qxf3 Nb6 13. Bb3 Qxd4 14. Be3 Qe5 15. Bf4 Qa5 16. Rfd1 Rfd8 17. Rxd8+ Rxd8 18. Rd1 Rxd1+ 19. Qxd1 Nfd7 20. Bc7 Qg5 21. Qd4 Qc1+ 22. Kh2 Bc5 23. Qd1 Qxd1 24. Nxd1 Nc8 25. e5 Bb6 26. Bxb6 Ncxb6 27. f4 Nc5 28. Bc2 Ncxa4 29. b4 c5 30. b5 c4 31. Ne3 Nb2 32. Kg3 Nd5 33. Kf3 Nc3 34. f5 Nxb5 35. fxe6 fxe6 36. Be4 Nd4+ 37. Kf2 b5 38. Ke1 c3 39. Bd3 Nxd3+ 0-1


[Site "https://www.chess.com"]

[Event "Titled Tuesday Blitz May 11 2021"]
[White "Annaberdiyev, Babageldi"]
[Black "Drygalov, Sergey"]
[WhiteFideId "14000385"]
[BlackFideId "24171743"]
[WhiteElo "2332"]
[BlackElo "2538"]
[Result "1/2-1/2"]
[Round "06"]
[TimeControl "180+1"]
[Date "2021.05.11"]
[WhiteClock "0:01:20"]
[BlackClock "0:00:59"]

1. e4 c5 2. Nf3 d6 3. d4 cxd4 4. Nxd4 Nf6 5. Nc3 a6 6. Bg5 e6 7. f4 h6 8. Bh4 Qb6 9. Qd2 Qxb2 10. Rb1 Qa3 11. f5 Be7 12. fxe6 fxe6 13. Bc4 Nxe4 14. Nxe4 Bxh4+ 15. g3 Bg5 16. Nxg5 hxg5 17. O-O Qc5 18. Qf2 Nc6 19. Nxe6 Qxf2+ 20. Rxf2 Bxe6 21. Bxe6 Rb8 22. a4 Ne5 23. c4 Ke7 24. Bd5 Rhc8 25. Rfb2 Nxc4 26. Rxb7+ Rxb7 27. Rxb7+ Kf6 28. Rf7+ Ke5 29. Bb7 Rb8 30. Bxa6 Ne3 31. Bb7 Ke6 32. Rxg7 Rf8 33. h4 Rf1+ 34. Kh2 Rf2+ 35. Kg1 1/2-1/2


[Site "https://www.chess.com"]